 Dungeon Crawl Stone Soup version 0.22.1-6-g1668fe2 (webtiles) character file.

1831 Copingsaw the Transmogrifier (level 9, -3/53 HPs)
             Began as an Octopode Transmuter on Feb 3, 2019.
             Was a Follower of Cheibriados.
             Slain by a yak (12 damage)
             ... on level 7 of the Dungeon.
             The game lasted 00:44:26 (9606 turns).

Copingsaw the Transmogrifier (Octopode Transmuter)  Turns: 9606, Time: 00:44:26

Health: -3/53      AC:  1    Str: 12    XL:     9   Next: 11%
Magic:  15/15      EV: 14    Int: 21    God:    Cheibriados [*.....]
Gold:   495        SH:  2    Dex: 16    Spells: 1/16 levels left

rFire    . . .     SeeInvis .     - Unarmed
rCold    . . .     Gourm    .   (no shield)
rNeg     . . .     Faith    .   (helmet restricted)
rPois    .         Spirit   .   g - +2 amulet of reflection
rElec    .         Reflect  +   (no ring)
rCorr    .         Harm     .   (no ring)
MR       .....                  (no ring)
Stlth    +++.......             (no ring)
HPRegen  0.17/turn              (no ring)
MPRegen  0.14/turn              (no ring)
                                (no ring)
                                (no ring)

@: about to teleport, very slow
A: almost no armour, stealthy swim, amphibious, 8 rings, constrict 8, camouflage
1, gelatinous body 1
a: Bend Time, Renounce Religion


You were on level 7 of the Dungeon.
You worshipped Cheibriados.
Cheibriados was aware of your devotion.
You were not hungry.

You visited 2 branches of the dungeon, and saw 9 of its levels.

You collected 495 gold pieces.

Inventory:

Hand Weapons
 s - a +1 hunting sling
 y - a +2 dagger of electrocution
 F - a +0 hand crossbow
Missiles
 a - 72 arrows
 b - 26 sling bullets
 d - 6 poisoned needles
 i - 182 stones (quivered)
 t - 2 tomahawks
 A - 4 exploding tomahawks
Armour
 j - a +0 buckler
Jewellery
 g - a +2 amulet of reflection (around mantle)
 m - an uncursed amulet of harm {unknown}
Wands
 v - a wand of disintegration (16)
 D - a wand of acid (7)
Scrolls
 e - 4 scrolls of remove curse
 f - 4 scrolls of identify
 l - a scroll of amnesia {unknown}
 n - a scroll of random uselessness {unknown}
 o - a scroll of fear {unknown}
 q - a scroll of enchant weapon
 r - 4 scrolls of teleportation
 u - a scroll of magic mapping {unknown}
 x - 2 scrolls of fog
Potions
 h - a potion of lignification
 k - a potion of curing
 w - a potion of might
 z - a potion of magic
 B - a potion of heal wounds
 C - a potion of invisibility
 E - a potion of agility
 G - 2 potions of flight
Comestibles
 c - 19 rations


   Skills:
 - Level 1.0 Fighting
 + Level 2.2 Dodging
 + Level 0.9 Stealth
 - Level 1.1 Shields
 + Level 3.7 Unarmed Combat
 + Level 4.0 Spellcasting
 - Level 9.7 Transmutations
 * Level 0.4 Ice Magic
 - Level 2.1 Poison Magic
 - Level 3.3 Evocations


You had one spell level left.
You knew the following spells:

 Your Spells              Type           Power        Failure   Level  Hunger
a - Beastly Appendage     Tmut           #####.       1%          1    None
b - Sticks to Snakes      Tmut           #####...     1%          2    #......
c - Spider Form           Tmut/Pois      ####......   3%          3    ###....
d - Blade Hands           Tmut           #####.....   6%          5    ######.
e - Ice Form              Ice/Tmut       ####....     14%         4    ####...

Your spell library contained the following spells:

 Spells                   Type           Power        Failure   Level  Hunger
 Animate Skeleton         Necr           N/A          12%         1    None
 Apportation              Tloc           #.....       12%         1    None
 Confusing Touch          Hex            #.....       12%         1    None
 Pain                     Necr           #...         12%         1    None
 Summon Small Mammal      Summ           #...         12%         1    None
 Regeneration             Chrm/Necr      #.........   34%         3    ###....
 Vampiric Draining        Necr           #.........   34%         3    ###....
 Animate Dead             Necr           N/A          75%         4    ####...


Dungeon Overview and Level Annotations

Branches:
Dungeon (8/15)             Temple (1/1) D:5
   Lair: D:8-11

Altars:
Ashenzari
Cheibriados
Dithmenos
Elyvilon
Fedhas
Gozag
Hepliaklqana
Kikubaaqudgha
Makhleb
Nemelex Xobeh
Okawaru
Qazlal
Ru
Sif Muna
Trog
Uskayaw
Vehumet
Wu Jian
Xom
Yredelemnul
Zin
The Shining One


Innate Abilities, Weirdness & Mutations

You cannot wear most types of armour.
You are very stealthy in the water. (Stealth+)
You are amphibious.
You can wear up to eight rings at the same time.
You can use your tentacles to constrict eight enemies at once.
Your skin changes colour to match your surroundings (Stealth+).
Your rubbery body absorbs attacks. (AC +1, EV +1)


Message History

You feel much better. The yak gores you!
The centaur skeleton barely misses you. The wight closely misses you.
The centaur skeleton hits you. The centaur skeleton barely misses you.
The yak barely misses you. The centaur skeleton barely misses you.
The yak gores you.
Things that are here:
a whip; a leather armour An orc comes into view.
The yak closely misses you.
There is a stone staircase leading up here.
The orc shouts!
The wight misses you. The yak barely misses you.
You climb upwards.
There is a stone staircase leading down here.
As you read the scroll of teleportation, it crumbles to dust.
You feel strangely unstable. The yak gores you!
* * * LOW HITPOINT WARNING * * *
The yak misses you. The yak gores you!
You die...

##.## ##.#####.#######
#...###...............
#.....#.####...##.....
#...#.#.# #...##.##.#
#####.#.# ##..........
#######....###...........
#.......#....#...###.##.#
#.#####YY...............#
#.# ##@...)<...####8..8
#.######...#.#...####....
#.##...#...........###..#
#.##...............#_....
#.##...#...###.#...###..#
#.###.##...# #..####_....
#.##..##...# #.## ###..#
#.#.#.##...# #.### #_....
#..###.#...###.#.#####..#


You could see 2 yaks.

Vanquished Creatures
  A hungry ghost (D:7)
  Menkaure (D:5)
  2 ogres
  A hornet zombie (D:6)
  A bullfrog (D:7)
  A wyvern zombie (D:6)
  A wyvern skeleton (D:8)
  A scorpion (D:7)
  A howler monkey (D:5)
  3 crimson imps
  A bullfrog zombie (D:5)
  2 quasits
  2 orc priests (D:7)
  2 orc wizards
  Crazy Yiuf (D:4)
  A centaur skeleton (D:7)
  A hound (D:4)
  A gnoll shaman (D:8)
  Jessica (D:2)
  Natasha (thrice) (D:4)
  7 worker ants
  Ijyb (D:3)
  A worker ant zombie (D:5)
  8 gnolls
  9 adders
  5 shadow imps
  6 worms
  An adder skeleton (D:6)
  An adder zombie (D:5)
  2 dart slugs
  6 leopard geckos
  15 orcs
  3 ball pythons
  4 bats
  3 giant cockroaches
  6 goblins
  11 hobgoblins
  4 jackals (D:2)
  6 kobolds
  2 quokkas
  7 frilled lizards
  A giant cockroach zombie (D:6)
  2 leopard gecko zombies (D:6)
  A quokka zombie (D:6)
  9 rats
149 creatures vanquished.

Vanquished Creatures (collateral kills)
  2 adders
2 creatures vanquished.

Vanquished Creatures (others)
  Duvessa (D:6)
  2 black bears (D:6)
  Dowan (D:6)
  A howler monkey (D:6)
  A hound (D:6)
  An iguana (D:6)
  An adder (D:6)
  A gnoll (D:6)
  A leopard gecko (D:6)
10 creatures vanquished.

Grand Total: 161 creatures vanquished

Notes
Turn   | Place    | Note
-------+----------+-------------------------------------------
     0 | D:1      | Copingsaw the Octopode Transmuter began the quest for the
                  | Orb.
     0 | D:1      | Reached XP level 1. HP: 13/13 MP: 3/3
    84 | D:1      | Reached XP level 2. HP: 15/18 MP: 3/5
   150 | D:1      | Learned a level 2 spell: Sticks to Snakes
   453 | D:1      | Reached XP level 3. HP: 20/23 MP: 4/6
   883 | D:2      | Learned a level 3 spell: Spider Form
  1486 | D:2      | Reached XP level 4. HP: 23/28 MP: 4/8
  1564 | D:3      | Reached skill level 3 in Transmutations
  1698 | D:3      | Noticed Jessica
  1927 | D:2      | Killed Jessica
  1927 | D:2      | Reached XP level 5. HP: 12/33 MP: 1/10
  2638 | D:3      | Reached skill level 4 in Transmutations
  2813 | D:3      | Noticed a moth of wrath
  2816 | D:3      | Found a bloodstained altar of Trog.
  3031 | D:3      | Noticed Ijyb
  3048 | D:3      | Killed Ijyb
  3048 | D:3      | Reached XP level 6. HP: 32/38 MP: 4/11
  3181 | D:3      | Found a shadowy altar of Dithmenos.
  3211 | D:3      | Found a sacrificial altar of Ru.
  3213 | D:3      | Found a white marble altar of Elyvilon.
  3276 | D:4      | Reached skill level 1 in Poison Magic
  3655 | D:4      | Reached skill level 5 in Transmutations
  4071 | D:4      | Reached XP level 7. HP: 43/43 MP: 8/12
  4074 | D:4      | Noticed Natasha
  4085 | D:4      | Killed Natasha
  4428 | D:4      | Found a runed door.
  4437 | D:4      | Noticed Crazy Yiuf
  4442 | D:4      | Killed Crazy Yiuf
  4500 | D:4      | Noticed Natasha
  4511 | D:4      | Killed Natasha
  4511 | D:4      | Reached skill level 6 in Transmutations
  4535 | D:4      | Noticed Natasha
  4546 | D:4      | Killed Natasha
  4660 | D:3      | Found a bloodstained altar of Trog.
  4701 | D:5      | Entered Level 5 of the Dungeon
  4763 | D:5      | Noticed Menkaure
  4790 | D:5      | Killed Menkaure
  4790 | D:5      | Reached skill level 1 in Evocations
  5144 | D:5      | Learned a level 5 spell: Blade Hands
  5311 | D:5      | Reached skill level 7 in Transmutations
  5741 | D:5      | Reached XP level 8. HP: 45/48 MP: 11/13
  5745 | D:5      | Found a staircase to the Ecumenical Temple.
  5750 | Temple   | Entered the Ecumenical Temple
  5822 | Temple   | Became a worshipper of Cheibriados the Contemplative
  6905 | D:6      | Reached skill level 8 in Transmutations
  6978 | D:6      | Reached skill level 1 in Shields
  6980 | D:6      | Killed Dowan
  6995 | D:6      | Killed Duvessa
  7186 | D:6      | Found a shimmering altar of Xom.
  7903 | D:7      | Reached * piety under Cheibriados
  8029 | D:7      | Found a stormy altar of Qazlal.
  8088 | D:7      | Found a blossoming altar of Fedhas.
  8240 | D:7      | Reached skill level 9 in Transmutations
  8485 | D:7      | Reached XP level 9. HP: 36/53 MP: 10/14
  8764 | D:7      | Found a glowing golden altar of the Shining One.
  8858 | D:7      | Found a shattered altar of Ashenzari.
  8863 | D:7      | Found an iron altar of Okawaru.
  8864 | D:7      | Found an opulent altar of Gozag.
  8865 | D:7      | Found a basalt altar of Yredelemnul.
  8867 | D:7      | Found an ornate altar of the Wu Jian Council.
  9181 | D:8      | Learned a level 4 spell: Ice Form
  9606 | D:7      | Slain by a yak

Skill      XL: |  1  2  3  4  5  6  7  8  9 |
---------------+----------------------------+-----
Spellcasting   | 3 4 |  4.0
Transmutations | 3 4 5 7 9 |  9.7
Poison Magic   | 2 |  2.1
Evocations     | 2 3 |  3.3
Shields        | 1 |  1.1
Fighting       | |  1.0
Dodging        | |  2.2
Stealth        | |  0.9
Unarmed Combat | |  3.7
Ice Magic      | |  0.4

Action                   |  1- 3 |  4- 6 |  7- 9 || total
-------------------------+-------+-------+-------++-------
Melee: Unarmed           |    87 |   146 |   268 ||   501
       Constrict         |    27 |    23 |    32 ||    82
       Kick              |    26 |    23 |    62 ||   111
       Tentacles         |    10 |    18 |    32 ||    60
       Punch             |     2 |     2 |     5 ||     9
Throw: Stone             |     2 |    14 |    18 ||    34
 Cast: Beastly Appendage |    25 |    24 |    37 ||    86
       Sticks to Snakes  |     2 |    13 |     8 ||    23
       Spider Form       |       |    10 |    11 ||    21
       Blade Hands       |       |       |     1 ||     1
Evoke: Wand              |       |       |     3 ||     3
  Use: Scroll            |     1 |     2 |    13 ||    16
       Potion            |       |       |     2 ||     2
 Stab: Sleeping          |     2 |     2 |     4 ||     8
       Distracted        |       |       |     1 ||     1
  Eat: Chunk             |     2 |    10 |    10 ||    22
       Ration            |       |       |     2 ||     2
Armor: Skin              |     6 |    11 |    17 ||    34
Dodge: Dodged            |    53 |    90 |   182 ||   325
Block: Other             |       |     2 |    15 ||    17
